 Dungeon Crawl Stone Soup version 0.20.1-1-g8b1a95d (webtiles) character file.

194 Mimshu the Conjurer (level 5, 0/28 HPs)
             Began as a Deep Elf Conjurer on Nov 30, 2017.
             Succumbed to an adder's poison
             ... on level 2 of the Dungeon.
             The game lasted 00:10:30 (2794 turns).

Mimshu the Conjurer (Deep Elf Conjurer)             Turns: 2794, Time: 00:10:31

Health: 0/28       AC:  5    Str:  5    XL:     5   Next: 44%
Magic:  7/14       EV: 13    Int: 21    God:
Gold:   61         SH:  0    Dex: 15    Spells: 12/13 levels left

rFire    . . .     SeeInvis .   e - +0 dagger
rCold    . . .     Gourm    .   (no shield)
rNeg     . . .     Faith    +   a - +0 robe
rPois    .         Spirit   .   (no helmet)
rElec    .         Reflect  .   (no cloak)
rCorr    .         Harm     .   p - +2 pair of gloves
MR       .....                  (no boots)
Stlth    ++........             f - amulet of faith
Regen    0.1/turn               (no ring)
MPRegen  0.2/turn               (no ring)

@: lethally poisoned (0 -> -4), invisible
A: no striking features
a: no special abilities


You were on level 2 of the Dungeon.
You were not hungry.

You visited 1 branch of the dungeon, and saw 3 of its levels.

You collected 61 gold pieces.

Inventory:

Hand Weapons
 e - a +0 dagger (weapon)
 j - a -3 dagger
 s - a +0 dagger
Missiles
 d - 18 stones (quivered)
 q - 45 arrows
Armour
 a - a +0 robe (worn)
 g - a +0 chain mail
 n - a +0 leather armour
 p - a +2 pair of gloves (worn)
 t - a +0 robe
Jewellery
 f - an amulet of faith (around neck)
Wands
 k - a wand of acid (4/15)
 r - a wand of digging (16/24)
Scrolls
 i - a scroll of remove curse
 m - a scroll of magic mapping {unknown}
 u - a scroll of enchant weapon {unknown}
Potions
 c - 3 potions of lignification {unknown}
 l - 2 potions of mutation {unknown}
Books
 b - a book of Conjurations

   Spells                             Type                      Level
   a - Magic Dart                     Conjuration                  1
   b - Searing Ray                    Conjuration                  2
   c - Dazzling Spray                 Conjuration/Hexes            3
   d - Fulminant Prism                Conjuration/Hexes            4
   e - Force Lance                    Conjuration/Translocation    4
   f - Iskenderun's Mystic Blast      Conjuration                  4


   Skills:
 + Level 0.8 Short Blades
 + Level 2.9 Dodging
 + Level 3.1 Stealth
 + Level 4.6 Spellcasting
 + Level 6.2 Conjurations


You had 12 spell levels left.
You knew the following spells:

 Your Spells              Type           Power        Failure   Level  Hunger
a - Magic Dart            Conj           ####         1%          1    None


Dungeon Overview and Level Annotations

Branches:
Dungeon (3/15)

Altars:

Annotations:
D:3 Lanoc's ghost, novice VSAK


Message History

The adder is heavily wounded.
The adder misses you. The adder barely misses you.
Casting: Magic Dart
Confirm with . or Enter, or press ? or * to list all spells.
Aiming: Magic Dart
Press: ? - help, Shift-Dir - straight line, f/p - adder
Aim: an adder (heavily wounded)
The magic dart hits the adder.
The adder is almost dead.
The adder misses you.
Casting: Magic Dart
Confirm with . or Enter, or press ? or * to list all spells.
Aiming: Magic Dart
Press: ? - help, Shift-Dir - straight line, f/p - adder
Aim: an adder (almost dead)
The magic dart hits the adder.
You kill the adder!
It was a potion of invisibility.
You fade into invisibility!
You die...

#......#.#..#.##.##
#####....##.#.#....
###.[##...)....
#..........#..
#.....#.#).#..
##.......#.#...
#####..............
#..................
#.@†....).)........
#..................
#..................
#..................
#..................
#...............)..
########...........
#...........
#.......##..


There were no monsters in sight!

Vanquished Creatures
  An orc wizard (D:2)
  Jessica (D:2)
  7 adders (D:2)
  3 worms (D:2)
  2 dart slugs (D:2)
  2 leopard geckos
  9 orcs
  9 bats
  2 giant cockroaches
  3 hobgoblins (D:2)
  6 jackals (D:2)
  4 kobolds (D:2)
  A frilled lizard (D:2)
  4 goblins
  3 rats
57 creatures vanquished.

Notes
Turn   | Place    | Note
-------+----------+-------------------------------------------
     0 | D:1      | Mimshu the Deep Elf Conjurer began the quest for the Orb.
     0 | D:1      | Reached XP level 1. HP: 10/10 MP: 6/6
   249 | D:1      | You fall through a shaft!
   270 | D:2      | Reached XP level 2. HP: 6/15 MP: 0/8
   336 | D:2      | Reached skill level 5 in Conjurations
   783 | D:2      | Reached XP level 3. HP: 9/19 MP: 3/9
  1254 | D:2      | Reached XP level 4. HP: 24/24 MP: 5/11
  1403 | D:2      | Noticed Jessica
  1408 | D:2      | Killed Jessica
  1966 | D:3      | Noticed Lanoc's ghost (novice VSAK)
  2126 | D:2      | Reached skill level 6 in Conjurations
  2363 | D:3      | Reached XP level 5. HP: 26/28 MP: 1/13
  2790 | D:2      | HP: 1/28 [poisoned by an adder]
  2794 | D:2      | Succumbed to an adder's poison

Skill      XL: |  1  2  3  4  5 |
---------------+----------------+-----
Conjurations   | 5 6 |  6.2
Spellcasting   | 4 |  4.6
Stealth        | 3 |  3.1
Short Blades   | |  0.8
Dodging        | |  2.9

Action                   |  1- 3 |  4- 6 || total
-------------------------+-------+-------++-------
Melee: Dagger            |     4 |    34 ||    38
 Cast: Magic Dart        |    71 |    95 ||   166
  Use: Scroll            |     4 |       ||     4
       Potion            |       |     1 ||     1
  Eat: Bread ration      |     1 |       ||     1
       Chunk             |       |     1 ||     1
Armor: Robe              |     7 |    27 ||    34
Dodge: Dodged            |    21 |    88 ||   109
